 Dungeon Crawl Stone Soup version 0.29-a0-559-g359e09b9d1 (webtiles) character file.

Game seed: 8572682691686822440

74836 happo123 the Unseen (level 15, -9/73 (88) HPs)
             Began as a Vampire Enchanter on June 10, 2022.
             Was the Champion of Wu Jian.
             Mangled by Urug
             ... wielding a +2 demon trident of flaming
              (11 damage)
             ... on level 12 of the Dungeon.
             The game lasted 02:32:05 (21373 turns).

happo123 the Unseen (Vampire Enchanter)            Turns: 21373, Time: 02:32:06

HP:   -9/73 (88)    AC: 11    Str:  5 (7)  XL:     15   Next: 8%
MP:   22/27         EV: 24    Int: 31 (33) God:    Wu Jian [******]
Gold: 505           SH:  5    Dex: 22 (24) Spells: 5/30 levels left

rFire   . . .      SeeInvis +   K - +4 short sword of Saqybav {vamp, Int+7}
rCold   + + .      Faith    .   e - orb {guile}
rNeg    + + +      Spirit   .   H - +0 troll leather armour
rPois   ∞          Reflect  +   n - +1 helmet
rElec   .          Harm     .   t - scarf {+Inv}
rCorr   .          Rampage  .   C - +2 pair of gloves
Will    .....                   f - +0 pair of boots
Stlth   ++++......              c - amulet of reflection
HPRegen 0.00/turn               D - ring "Jietuuve" {Will+ Int+4}
MPRegen 0.20/turn               a - +6 ring of dexterity

@: in a heavenly storm, very slightly contaminated, bloodless, inhibited regen,
glowing, heavily drained
A: bloodless, fangs 3, see invisible, vampiric 2
a: Bat Form, Revivify, Renounce Religion, Evoke Invisibility, Wall Jump,
Serpent's Lash, Heavenly Storm


You were on level 12 of the Dungeon.
You worshipped Wu Jian.
Wu Jian was exalted by your worship.
You visited 5 branches of the dungeon, and saw 23 of its levels.
You also visited: Ossuary.

You collected 2407 gold pieces.
You spent 1902 gold pieces at shops.

Inventory:

Hand Weapons
 K - the +4 short sword of Saqybav (weapon) {vamp, Int+7}
   (You bought it in a shop on level 6 of the Dungeon)

   It occasionally heals its wielder for a portion of the damage dealt when it
   wounds a living foe.
   Int:       It affects your intelligence (+7).
 V - a +1 arbalest
Armour
 b - the +4 scale mail of Time Monsters {*Corrode Regen+ Str+6 Dex+4}
   (You found it on level 5 of the Lair of Beasts)

   Str:       It affects your strength (+6).
   Dex:       It affects your dexterity (+4).
   Regen:     It increases your rate of health regeneration.
   *Corrode:  It may corrode you when you take damage.
 e - an orb of guile (worn)
 f - a +0 pair of boots (worn)
 n - a +1 helmet (worn)
 t - a scarf of invisibility (worn)
 y - a +2 robe of the Archmagi
 C - a +2 pair of gloves (worn)
 H - a +0 troll leather armour (worn)
 Y - the +1 leather armour "Gocoif" {rElec Stlth+}
   (You found it on level 5 of the Lair of Beasts)

   rElec:     It insulates you from electricity.
   Stlth:     It makes you more stealthy.
Magical Staves
 O - a staff of conjuration
Jewellery
 a - a +6 ring of dexterity (right hand)
 c - an amulet of reflection (around neck)
 i - an amulet of regeneration
 D - the ring "Jietuuve" (left hand) {Will+ Int+4}
   (You took it off an orc warrior on level 11 of the Dungeon)

   [ring of willpower]

   Int:       It affects your intelligence (+4).
   Will:      It increases your willpower.
Wands
 r - a wand of polymorph (15)
 w - a wand of acid (3)
 G - a wand of paralysis (14)
 T - a wand of charming (3)
 U - a wand of digging (11)
 W - a wand of flame (2)
 X - a wand of iceblast (6)
Scrolls
 d - 7 scrolls of fear
 h - 5 scrolls of magic mapping
 k - 9 scrolls of teleportation
 m - 2 scrolls of summoning
 u - 4 scrolls of enchant weapon
 v - 2 scrolls of vulnerability
 z - 2 scrolls of enchant armour
 A - 3 scrolls of poison
 B - 2 scrolls of brand weapon
 L - 2 scrolls of fog
 Q - 5 scrolls of amnesia
 S - 2 scrolls of immolation
 Z - a scroll of torment
Potions
 g - 6 potions of curing
 l - 4 potions of heal wounds {unknown}
 o - 4 potions of flight {unknown}
 p - a potion of resistance {unknown}
 q - 3 potions of lignification {unknown}
 s - 3 potions of ambrosia {unknown}
 x - a potion of degeneration {unknown}
 E - 3 potions of haste {unknown}
 F - 3 potions of magic {unknown}
 I - 4 potions of might
 J - 3 potions of attraction
 M - 3 potions of brilliance
 R - 3 potions of cancellation


   Skills:
 + Level 7.8 Fighting
 + Level 9.6 Short Blades
 - Level 5.0 Armour
 + Level 10.0 Dodging
 * Level 18.8 Stealth
 + Level 8.2 Spellcasting
 * Level 17.4 Hexes
 + Level 3.9 Translocations
 + Level 8.2 Ice Magic
 + Level 5.1 Evocations


You had 5 spell levels left.
You knew the following spells:

 Your Spells              Type           Power      Damage    Failure   Level
a - Ensorcelled Hibernat  Hex/Ice        100%       N/A       1%          2
b - Confusing Touch       Hex            88%        N/A       0%          3
c - Tukima's Dance        Hex            88%        N/A       0%          3
d - Frozen Ramparts       Ice            100%       1d12      1%          3
e - Dazzling Flash        Conj/Hex       100%       N/A       1%          3
f - Cause Fear            Hex            44%        N/A       1%          4
g - Summon Guardian Gole  Hex/Summ       61%        N/A       1%          3
h - Hailstorm             Conj/Ice       38%        3d9       11%         4

Your spell library contained the following spells:

 Spells                   Type           Power      Damage    Failure   Level
 Apportation              Tloc           74%        N/A       1%          1
 Freeze                   Ice            100%       1d11      1%          1
 Blink                    Tloc           74%        N/A       1%          2
 Inner Flame              Hex/Fire       61%        N/A       1%          3
 Lesser Beckoning         Tloc           37%        N/A       3%          3
 Summon Mana Viper        Hex/Summ       61%        N/A       4%          5
 Necrotize                Necr           48%        1d6       6%          1
 Summon Small Mammal      Summ           48%        N/A       6%          1
 Sublimation of Blood     Necr           12%        N/A       10%         2
 Summon Ice Beast         Ice/Summ       38%        N/A       11%         4
 Vampiric Draining        Necr           12%        2d6       19%         3
 Iskenderun's Mystic Bla  Conj/Tloc      24%        2d7       26%         4
 Manifold Assault         Tloc           37%        N/A       34%         5
 Petrify                  Tmut/Erth      12%        N/A       52%         4
 Agony                    Necr           12%        N/A       86%         5
 Blade Hands              Tmut           6%         N/A       86%         5
 Irradiate                Conj/Tmut      6%         3d15      86%         5
 Iskenderun's Battlesphe  Conj           12%        2d7       86%         5
 Discord                  Hex            44%        N/A       30%         8
 Iron Shot                Conj/Erth      6%         9d2       100%        6
 Starburst                Conj/Fire      6%         6d4       100%        6
 Dragon Form              Tmut           6%         N/A       100%        7
 Monstrous Menagerie      Summ           6%         N/A       100%        7
 Orb of Destruction       Conj           6%         9d6       100%        7
 Spellforged Servitor     Conj/Summ      6%         N/A       100%        7


Dungeon Overview and Level Annotations

Branches:
Dungeon (12/15)            Temple (1/1) D:5            Lair (6/6) D:9
  Swamp (0/4) Lair:4       Spider (2/4) Lair:4        Slime (0/5) Lair:5
    Orc (2/2) D:11            Elf (0/3) Orc:2       Ossuary (visited)

Altars:
Ashenzari
Cheibriados
Dithmenos
Elyvilon
Fedhas
Gozag
Hepliaklqana
Kikubaaqudgha
Makhleb
Nemelex Xobeh
Okawaru
Qazlal
Ru
Sif Muna
Trog
Uskayaw
Vehumet
Wu Jian
Xom
Yredelemnul
Zin
The Shining One
Jiyva

Shops:
D:6 (   Orc:1 (   Orc:2 [:**=

Portals:
Pandemonium: Orc:2

Annotations:
D:12 Azrael, Erolcha, Urug
Lair:5 exclusion: oklob plant


Innate Abilities, Weirdness & Mutations

You do not regenerate when monsters are visible.
You are frail without blood (-20% HP).
You can heal yourself when you bite living creatures.
You are immune to poison.
You have razor-sharp teeth.
You have supernaturally acute eyesight. (SInv)
You are afflicted with vampirism and can become a bat while bloodless.


Message History

You kill the kobold!
The Council accepts your kill.
Urug wails, "Help!"
Azrael screams, "Help!"
You flicker for a moment.
Okay, then.
Okay, then.
You flicker back into view.
Urug seems to regain her courage.
Urug throws a javelin.
The javelin closely misses you.
The air is filled with shimmering golden clouds!
Sifu Lu Zhishen says: The storm will not cease as long as you keep fighting, disciple!
You spin and attack the fire elemental repeatedly.
You puncture the fire elemental!
The fire elemental is heavily damaged.
You hit the fire elemental.
You bite the fire elemental, but do no damage.
The fire elemental is severely damaged.
Urug misses you.
The fire elemental completely misses you.
You spin and attack the fire elemental.
You barely miss the fire elemental. Your bite misses the fire elemental.
The fire elemental is severely damaged.
The fire elemental hits you. The fire elemental burns you!
* * * LOW HITPOINT WARNING * * *
You block Urug's attack.
You spin and attack the fire elemental.
You puncture the fire elemental!
You bite the fire elemental, but do no damage.
The fire elemental is almost destroyed.
You block the fire elemental's attack.
Urug hits you with a +2 demon trident of flaming!
* * * LOW HITPOINT WARNING * * *
Urug burns you.
* * * LOW HITPOINT WARNING * * *
Blink to where?
Press: ? - help, Dir - move target
As you read the scroll of blinking, it crumbles to dust.
The fire elemental completely misses you.
Urug hits you from afar with a +2 demon trident of flaming!
You die...

...○.....#........#
.........##.......##
.....°).)........°○#
...?..○<)......).○○#
......†).°.......°#
........E.......☼§#
..............°#Ro##
...........##.###E☼##
...#..........§§@§§☼#
##.#...##.....§☼#§###
........##...§☼###
........ #[.#..#
..##.... ##.#.## ##
..... ##### .....


You could see Urug and a fire elemental.

Vanquished Creatures
  Arachne (Spider:2)
  Agnes (Spider:1)
  An emperor scorpion (Spider:2)
  A ghost moth (Spider:1)
  Nessos (Lair:4)
  Harold (D:10)
  5 hydras
  A radroach (Spider:1)
  A boulder beetle (Lair:5)
  2 demonspawn (Orc:2)
  A death knight (D:11)
  4 two-headed ogres
  A centaur warrior (D:11)
  5 death yaks (Lair:4)
  7 orc high priests (Orc:2)
  An orb spider (Spider:2)
  3 steelbarb worms (Spider:2)
  4 orc knights (Orc:2)
  4 orc sorcerers (Orc:2)
  A deep elf pyromancer (D:11)
  4 wolf spiders
  4 cyclopes
  3 moths of wrath
  2 manticores
  4 torpor snails (Lair:4)
  2 black mambas
  6 cane toads
  9 komodo dragons
  2 rime drakes
  A gargoyle (D:11)
  An unseen horror (D:11)
  A demonic crawler (Spider:1)
  4 kobold demonologists
  A hellwing (Orc:2)
  3 trolls
  4 polar bears (Lair:6)
  5 hornets
  3 dream sheep (Lair:6)
  2 tarantellas (Spider:1)
  Grinder (D:3)
  7 culicivoras
  6 jumping spiders
  12 spriggans (Lair:6)
  5 wyverns
  3 basilisks
  A fire elemental (D:11)
  38 yaks
  3 steam dragons
  A wraith (D:10)
  15 redbacks
  3 wargs
  Menkaure (D:4)
  2 vampire mosquitoes (D:11)
  2 hell hounds
  16 water moccasins
  4 sky beasts
  A meliai simulacrum (D:11)
  7 black bears
  38 orc warriors
  4 ogres
  31 wolves
  5 boggarts (Lair:6)
  4 centaurs
  2 phantoms
  12 bullfrogs
  5 kobold brigands
  2 gnoll sergeants
  A necrophage (D:5)
  4 scorpions
  3 killer bees (D:7)
  4 electric eels
  4 howler monkeys
  A crimson imp (D:9)
  A human zombie (Ossuary)
  38 orc priests
  A centaur zombie (Ossuary)
  6 hounds
  2 jellies (D:7)
  A gnoll shaman (D:8)
  Jessica (D:3)
  An iguana (D:4)
  20 orc wizards
  3 mummies
  8 adders
  25 gnolls
  A white imp (D:9)
  An ufetubus (D:4)
  3 worms
  4 dart slugs
  78 orcs
  8 ball pythons
  6 endoplasms
  A giant cockroach (D:2)
  3 gnoll zombies (Ossuary)
  3 goblins
  5 hobgoblins
  2 quokkas
  3 training dummies (Orc:1)
  7 bats
  5 frilled lizards
  3 goblin zombies (Ossuary)
  4 hobgoblin zombies (Ossuary)
  24 kobolds
  2 orc zombies (Ossuary)
  8 rats
633 creatures vanquished.

Vanquished Creatures (collateral kills)
  A hydra (Lair:1)
  A death yak (Lair:4)
  An orc knight (Orc:1)
  5 orc warriors
  An ogre (Orc:2)
  A gnoll sergeant (D:9)
  An orc priest (Orc:2)
  2 gnolls
  4 orcs
17 creatures vanquished.

Vanquished Creatures (others)
  3 dancing weapons
  4 kobolds (D:10)
  41 fungi
  45 plants
93 creatures vanquished.

Grand Total: 743 creatures vanquished

Notes
Turn   | Place    | Note
-------+----------+-------------------------------------------
     0 | D:1      | happo123 the Vampire Enchanter began the quest for the Orb.
     0 | D:1      | Reached XP level 1. HP: 13/13 MP: 3/3
    54 | D:1      | Found a faded altar of an unknown god.
   293 | D:1      | Reached XP level 2. HP: 19/19 MP: 5/5
   296 | D:1      | Learned a level 2 spell: Ensorcelled Hibernation
   993 | D:2      | Reached skill level 5 in Stealth
   993 | D:2      | Gained mutation: You are afflicted with vampirism and can
                  | become a bat while bloodless. [Vampire growth]
   993 | D:2      | Reached XP level 3. HP: 19/20 MP: 0/6
  1006 | D:2      | Reached skill level 5 in Hexes
  1773 | D:2      | Reached XP level 4. HP: 24/24 MP: 2/7
  1854 | D:3      | Noticed Jessica
  1857 | D:3      | Killed Jessica
  2115 | D:3      | Reached skill level 1 in Fighting
  2208 | D:3      | Noticed Grinder
  2225 | D:2      | Learned a level 3 spell: Confusing Touch
  2238 | D:3      | Killed Grinder
  2239 | D:3      | Reached skill level 6 in Stealth
  2239 | D:3      | Reached skill level 1 in Ice Magic
  2239 | D:3      | Reached XP level 5. HP: 22/29 MP: 5/9
  2239 | D:3      | Reached XP level 6. HP: 26/34 MP: 5/10
  2246 | D:3      | Learned a level 3 spell: Tukima's Dance
  2942 | D:4      | Noticed Menkaure
  2949 | D:4      | Killed Menkaure
  2950 | D:4      | Reached skill level 7 in Stealth
  2950 | D:4      | Reached XP level 7. HP: 40/40 MP: 11/11
  3219 | D:5      | Entered Level 5 of the Dungeon
  3261 | D:5      | Found the dreamshard necklace {*Dream Drain}
  3409 | D:5      | Found a staircase to the Ecumenical Temple.
  3418 | Temple   | Entered the Ecumenical Temple
  3421 | Temple   | Became a worshipper of the Wu Jian Council
  3980 | D:5      | Reached skill level 8 in Stealth
  4499 | D:6      | Reached XP level 8. HP: 45/45 MP: 13/13
  4508 | D:6      | Learned a level 3 spell: Frozen Ramparts
  4588 | D:6      | You fall into a shaft and drop 3 floors!
  4632 | D:9      | Noticed a troll
  4641 | D:9      | Killed a troll
  4788 | D:8      | Found a sand-covered staircase.
  4794 | Ossuary  | Entered an ossuary
  4874 | Ossuary  | Reached skill level 9 in Stealth
  5121 | Ossuary  | Reached * piety under Wu Jian
  5365 | D:6      | Found Esesamae's Antique Weapon Shop.
  5369 | D:6      | Bought a bloodstained short sword for 200 gold pieces
  5369 | D:6      | Identified the +4 short sword of Saqybav {vamp, Int+7} (You
                  | bought it in a shop on level 6 of the Dungeon)
  5487 | D:6      | Reached XP level 9. HP: 51/51 MP: 15/15
  5511 | D:6      | Reached skill level 1 in Armour
  5561 | D:6      | Found a shimmering altar of Xom.
  5692 | D:6      | Reached skill level 5 in Dodging
  5697 | D:6      | Reached skill level 10 in Stealth
  6020 | D:6      | Reached ** piety under Wu Jian
  6877 | D:7      | Reached skill level 10 in Hexes
  7113 | D:7      | Reached skill level 5 in Short Blades
  7113 | D:7      | Reached skill level 11 in Stealth
  7829 | D:8      | Reached XP level 10. HP: 51/56 MP: 4/17
  8055 | D:9      | Found a staircase to the Lair.
  8055 | D:9      | Reached *** piety under Wu Jian
  8191 | D:9      | Reached skill level 5 in Spellcasting
  8354 | D:9      | Noticed a two-headed ogre
  8362 | D:9      | Killed a two-headed ogre
  8363 | D:9      | Reached skill level 12 in Stealth
  8368 | D:9      | Learned a level 3 spell: Dazzling Flash
  8432 | D:9      | Reached skill level 5 in Ice Magic
  9035 | Lair:1   | Entered Level 1 of the Lair of Beasts
  9139 | Lair:1   | Noticed a seven-headed hydra
  9148 | Lair:1   | Killed a seven-headed hydra
  9226 | Lair:1   | Reached XP level 11. HP: 62/62 MP: 19/19
 10361 | Lair:2   | Reached skill level 13 in Stealth
 10426 | Lair:2   | Reached skill level 5 in Fighting
 10915 | Lair:2   | Noticed an eight-headed hydra
 10919 | Lair:2   | Killed an eight-headed hydra
 10921 | Lair:2   | Reached **** piety under Wu Jian
 11335 | Lair:3   | Reached skill level 14 in Stealth
 11456 | Lair:3   | Noticed a seven-headed hydra
 11464 | Lair:3   | Killed a seven-headed hydra
 11617 | Lair:3   | Reached XP level 12. HP: 68/68 MP: 21/21
 11807 | Lair:4   | Found a staircase to the Swamp.
 11943 | Lair:4   | Found a snail-covered altar of Cheibriados.
 12010 | Lair:4   | Found a hole to the Spider Nest.
 12266 | Lair:4   | Reached ***** piety under Wu Jian
 12315 | Lair:4   | Noticed Nessos
 12331 | Lair:4   | Killed Nessos
 12402 | Lair:4   | Noticed a death yak
 12403 | Lair:4   | Noticed a death yak
 12405 | Lair:4   | Noticed a death yak
 12408 | Lair:4   | Noticed a death yak
 12408 | Lair:4   | Noticed a death yak
 12408 | Lair:4   | Noticed a death yak
 12408 | Lair:4   | Killed a death yak
 12409 | Lair:4   | Reached skill level 15 in Stealth
 12409 | Lair:4   | Killed a death yak
 12410 | Lair:4   | Reached skill level 1 in Evocations
 12413 | Lair:4   | Killed a death yak
 12421 | Lair:4   | Killed a death yak
 12430 | Lair:4   | Killed a death yak
 12436 | Lair:4   | Killed a death yak
 12842 | Lair:5   | Noticed a boulder beetle
 12848 | Lair:5   | Killed a boulder beetle
 12883 | Lair:5   | Identified the +1 leather armour "Gocoif" {rElec Stlth+}
 12902 | Lair:5   | Found a viscous altar of Jiyva.
 12902 | Lair:5   | Found a staircase to the Slime Pits.
 13362 | Lair:5   | Identified the +4 scale mail of Time Monsters {*Corrode
                  | Regen+ Str+6 Dex+4}
 13658 | Lair:6   | Entered Level 6 of the Lair of Beasts
 13824 | Lair:6   | Noticed an eight-headed hydra
 13845 | Lair:6   | Killed an eight-headed hydra
 13907 | Lair:6   | Reached XP level 13. HP: 75/75 MP: 19/23
 13936 | Lair:6   | Reached skill level 5 in Armour
 13956 | Lair:6   | Reached skill level 16 in Stealth
 14142 | Lair:6   | Reached skill level 15 in Hexes
 14189 | Lair:6   | Reached skill level 1 in Translocations
 15251 | Spider:1 | Entered Level 1 of the Spider Nest
 15277 | Spider:1 | Noticed a ghost moth
 15836 | Spider:1 | Noticed Agnes
 15842 | Spider:1 | Killed Agnes
 15843 | Spider:1 | Reached skill level 17 in Stealth
 15899 | Spider:1 | Killed a ghost moth
 15928 | Spider:2 | Noticed Arachne
 15936 | Spider:2 | Noticed a broodmother
 15942 | Spider:2 | Killed Arachne
 16064 | Spider:2 | Reached XP level 14. HP: 82/82 MP: 25/25
 16244 | Spider:2 | Noticed an emperor scorpion
 16260 | Spider:2 | Killed an emperor scorpion
 16282 | Spider:2 | Noticed a broodmother
 16291 | Spider:2 | Noticed a ghost moth
 16437 | D:10     | Entered Level 10 of the Dungeon
 16707 | D:10     | Noticed Harold
 16715 | D:10     | Killed Harold
 16852 | D:10     | Reached ****** piety under Wu Jian
 17579 | D:11     | Found a staircase to the Orcish Mines.
 17993 | D:11     | Identified the ring "Jietuuve" {Will+ Int+4}
 18641 | D:11     | Reached skill level 18 in Stealth
 18810 | Orc:1    | Entered Level 1 of the Orcish Mines
 19035 | Orc:2    | Entered Level 2 of the Orcish Mines
 19035 | Orc:2    | Found Casip's Jewellery Boutique.
 19356 | Orc:2    | Found a staircase to the Elven Halls.
 19524 | Orc:2    | Found Cupsu's General Store.
 19680 | Orc:2    | Found Ustran's General Store.
 19829 | Orc:2    | Bought a scroll of identify for 36 gold pieces
 20171 | Orc:2    | Reached skill level 5 in Evocations
 20176 | Orc:2    | Found Dooss's Antique Armour Emporium.
 20176 | Orc:2    | Found a one-way gate leading to the halls of Pandemonium.
 20176 | Orc:2    | Found Akleemuh's Book Shoppe.
 20183 | Orc:2    | Reached XP level 15. HP: 88/88 MP: 13/27
 20188 | Orc:2    | Bought a book of Hexes for 576 gold pieces
 20188 | Orc:2    | Bought a book of Dangerous Friends for 640 gold pieces
 20193 | Orc:2    | Learned a level 4 spell: Cause Fear
 20197 | Orc:2    | Learned a level 3 spell: Summon Guardian Golem
 20202 | Orc:2    | Learned a level 4 spell: Hailstorm
 20539 | Orc:1    | Found Cuzofiq's Firing Range.
 20999 | Orc:2    | Bought an amulet of reflection for 450 gold pieces
 21121 | D:12     | Noticed Erolcha
 21130 | D:12     | Noticed Urug
 21145 | D:12     | HP: 2/88 [hell hound/blast of flame[Azrael] (25)]
 21274 | D:12     | Noticed Azrael
 21349 | D:12     | Reached skill level 10 in Dodging
 21372 | D:12     | HP: 2/73 [Urug/+2 demon trident of flaming (3)]
 21373 | D:12     | Mangled by Urug

Illustrated notes

Levels and vault maps discovered:
D:1:      ncdulo_lavacross, layout_basic, serial_rivers,
          chequers_serial_rivers_marsh, chequers_serial_rivers_micro_c,
          chequers_serial_rivers_large_a, chequers_serial_rivers_small_a,
          chequers_serial_rivers_micro_e, chequers_serial_rivers_room_b,
          ebering_ecumenical_altar_box, serial_bayou_ford_a
D:2:      layout_loops_ring, minmay_surrounded
D:3:      layout_loops_ring, item_on_display_b, uniq_jessica, uniq_grinder
D:4:      layout_rooms, uniq_menkaure
D:5:      layout_loops_corners, minmay_temple_entry_large_hall, minivault_27,
          chequers_decorated_corner
D:6:      layout_basic, mainiacjoe_overflow_cross_hatched, serial_shops,
          nicolae_take_the_stairs, hangedman_decor_growths
D:7:      cheibrodos_helix_gallery, layout_basic
D:8:      layout_loops_cross, gup_ossuary_entry_pyramid
D:9:      layout_irregular_city, due_lair_maze_entry_diamond,
          minmay_fire_ice_demons
D:10:     layout_stronghold, uniq_harold
D:11:     layout_basic, david_orc_4, grunt_tough_drop
D:12:     layout_cave_pools, due_unseen_surprise, uniq_urug, uniq_azrael,
          uniq_erolcha
Temple:   dpeg_three_leaves_temple
Lair:1:   layout_layer_cave
Lair:2:   layout_chaotic_city, beast_lair_carwin_8, lemuel_fruit_fields,
          grunt_megastairs_3, infiniplex_staircase_pool_2, lemuel_fruit_tree
Lair:3:   layout_concentric_octagons
Lair:4:   layout_gridlike, swamp_mist_pool, spider_nest_entry_web_field,
          kennysheep_snail_temple, serial_bayou_shore_a, uniq_nessos
Lair:5:   layout_regular_city, slime_altar_1, wad_woods_road_04,
          serial_bayou_shore_b
Lair:6:   minmay_lair_end_enchanted_forest, layout_cave_pods
Spider:1: layout_spider_delve, uniq_agnes
Spider:2: layout_spider_delve, uniq_louise, uniq_aizul, uniq_arachne
Orc:1:    layout_caves, nicolae_shop_firing_range
Orc:2:    pf_orc_diabolical, layout_caves, serial_shops, shop

Skill      XL: |  1  2  3  4  5  6  7  8  9 10 11 12 13 14 15 |
---------------+----------------------------------------------+-----
Stealth        | 5 6 7 8 9 11 12 14 15 17 18 | 18.8
Hexes          | 5 6 7 9 10 11 13 14 16 17 | 17.4
Fighting       | 1 2 3 4 5 6 7 |  7.8
Short Blades   | 2 3 4 5 6 7 8 9 |  9.6
Dodging        | 3 4 5 6 7 8 9 10 | 10.0
Ice Magic      | 1 2 3 4 5 6 7 8 |  8.2
Spellcasting   | 3 4 5 6 7 8 |  8.2
Armour         | 2 3 4 5 |  5.0
Evocations     | 2 3 5 |  5.1
Translocations | 2 3 |  3.9

Action                   |  1- 3 |  4- 6 |  7- 9 | 10-12 | 13-15 || total
-------------------------+-------+-------+-------+-------+-------++-------
Melee: Dagger            |    97 |    39 |   155 |       |       ||   291
       Bite              |     5 |     2 |    20 |    27 |    67 ||   121
       Short sword       |       |       |    90 |   228 |   555 ||   873
 Cast: Ensorcelled Hiber |    16 |    14 |    47 |    64 |   143 ||   284
       Confusing Touch   |       |     2 |    14 |     5 |    18 ||    39
       Frozen Ramparts   |       |       |     4 |     9 |    27 ||    40
       Tukima's Dance    |       |       |     5 |     3 |    21 ||    29
       Hailstorm         |       |       |       |       |     2 ||     2
       Cause Fear        |       |       |       |       |     1 ||     1
       Summon Guardian G |       |       |       |       |     1 ||     1
Invok: Lunge             |       |       |    53 |    68 |    86 ||   207
       Whirlwind         |       |       |    13 |    11 |    42 ||    66
       Serpent's Lash    |       |       |       |     1 |     1 ||     2
       Heavenly Storm    |       |       |       |       |     1 ||     1
 Abil: Exsanguinate      |     1 |       |       |       |       ||     1
       Wall Jump         |       |       |       |     1 |       ||     1
       End Transformatio |       |       |       |       |     1 ||     1
       Bat Form          |       |       |       |       |     1 ||     1
       Evoke Invisibilit |       |       |       |       |     1 ||     1
  Use: Scroll            |       |       |     5 |     8 |    11 ||    24
       Potion            |       |       |       |     2 |     2 ||     4
 Stab: Sleeping          |    23 |    19 |    80 |    95 |   164 ||   381
       Confused          |       |     4 |    10 |     4 |    16 ||    34
       Distracted        |       |       |       |     5 |     5 ||    10
       Invisible         |       |       |       |     1 |     7 ||     8
Armor: Robe              |    18 |     8 |    17 |       |       ||    43
       Troll leather arm |       |       |    24 |    36 |    85 ||   145
Dodge: Dodged            |    63 |    25 |    91 |   111 |   326 ||   616
Block: Orb               |       |       |       |       |     7 ||     7
       Other             |       |       |       |       |     1 ||     1

Table legend: (Time is in decaauts)
 A = Elapsed time spent in this place.
 B = Non-inter-level travel time spent in this place.
 C = Inter-level travel time spent in this place.
 D = Time resting spent in this place.
 E = Time spent auto-exploring this place.
 F = Levels seen in this place.
 G = Mean time per level.
                   A        B        C        D        E       F      G
               +--------+--------+--------+--------+--------+-----+--------+
         Total |  21238 |  16896 |   4342 |   1472 |  10829 |  24 |  884.9 |
       Dungeon |  11220 |   9645 |   1575 |    253 |   7207 |  12 |  935.0 |
        Temple |     82 |     65 |     17 |      0 |     55 |   1 |   82.0 |
          Lair |   6302 |   4300 |   2002 |    448 |   2684 |   6 | 1050.3 |
   Spider Nest |   1047 |    535 |    512 |    204 |      0 |   2 |  523.5 |
  Orcish Mines |   2169 |   1933 |    236 |    411 |    882 |   2 | 1084.5 |
       Ossuary |    416 |    416 |      0 |    156 |      0 |   1 |  416.0 |
               +--------+--------+--------+--------+--------+-----+--------+

Top non-repeatable levels by time:
   Orc:2: 1624 daAuts
    D:11: 1581 daAuts
  Lair:6: 1471 daAuts
  Lair:1: 1303 daAuts
     D:5: 1146 daAuts
     D:9: 1105 daAuts
  Lair:4: 1093 daAuts
     D:6: 1072 daAuts
    D:10: 1017 daAuts
     D:7: 1013 daAuts
     D:1: 968 daAuts
     D:8: 930 daAuts
     D:2: 907 daAuts
Spider:1: 867 daAuts
  Lair:5: 860 daAuts
